AoeStats
← The Punisher

Marketplace

504195728Analyzed
1v1 RM · 28d ago on Sep 4, 2026· 70m 10s· 2 players
Game mode
Random Map
Map size
Tiny (2 player)
Population
200
Speed
Normal
Resources
Standard
Victory
Conquest
Starting age
Dark Age
Ending age
Imperial Age
RankedLock teamsTeams togetherTeam positionsShared explorationLock speedFull tech treeHidden civsTurbo modeCheats
Victory
Defeat
🇺🇸 Burgundians · United States
402
+16
🇫🇷 Mongols · France
411
-16
The Punisher
9:12 Double-Bit Axe
13:34 Feudal Age
11:50 Loom
13:17 Horse Collar
14:29 Heavy Plow
14:46 Bow Saw
14:37 Loom
14:39 Town Watch
15:29 Wheelbarrow
17:19 Loom
18:03 Gold Mining
20:03 Town Watch
21:18 Wheelbarrow
20:28 Loom
22:11 Wheelbarrow
22:26 Forging
22:17 Scale Mail Armor
21:45 Man-at-Arms
23:53 Scale Mail Armor
26:18 Castle Age
26:43 Town Watch
26:49 Stone Mining
28:12 Town Watch
29:44 Fletching
29:55 Padded Archer Armor
30:16 Town Watch
30:45 Forging
30:50 Chain Mail Armor
30:03 Long Swordsman
30:47 Squires
30:42 Loom
31:42 Wheelbarrow
31:03 Loom
31:02 Pikeman
34:11 Stone Shaft Mining
34:13 Gold Shaft Mining
34:44 Two-Man Saw
33:43 Loom
34:35 Wheelbarrow
36:13 Elite Skirmisher
37:32 Iron Casting
37:04 Scale Barding Armor
40:16 Town Patrol
42:53 Hand Cart
43:26 Chain Barding Armor
46:24 Imperial Age
44:09 Padded Archer Armor
48:44 Capped Ram
49:11 Halberdier
49:24 Elite Coustillier
51:13 Blast Furnace
50:43 Plate Mail Armor
50:02 Two-Handed Swordsman
50:45 Arson
52:53 Burgundian Vineyards
56:48 Onager
58:21 Plate Barding Armor
57:42 Bodkin Arrow
58:03 Leather Archer Armor
59:49 Crop Rotation
60:33 Conscription
63:18 Onager
66:21 Bracer
xaephon
12:19 Feudal Age
19:13 Padded Archer Armor
19:13 Scale Mail Armor
19:13 Padded Archer Armor
19:12 Fletching
19:33 Forging
19:25 Horse Collar
19:39 Double-Bit Axe
26:51 Castle Age
29:59 Husbandry
30:12 Bloodlines
29:29 Man-at-Arms
29:37 Elite Skirmisher
30:31 Scale Barding Armor
30:43 Leather Archer Armor
43:22 Imperial Age
47:35 Chain Barding Armor
47:52 Iron Casting
47:34 Chain Mail Armor
46:51 Heavy Camel Rider
48:33 Onager
51:01 Heavy Scorpion
56:56 Plate Mail Armor
57:27 Blast Furnace
56:25 Bodkin Arrow
Connection lost

Rejoining the realm…

Still unreachable

The connection could not be restored.

Session expired

The server has moved on; the page needs a fresh start.